Map: Odyssey LE

Players

llIllllIllll - Winner!

  • Race: Protoss Protoss
  • League: Master
  • Spawn Location: 11:00

Sweendawg

  • Race: Zerg Zerg
  • League: Diamond
  • Spawn Location: 5:00

VOD

Have the link to the VOD?

Description

Time

  • Played on: Dec. 7, 2017, 3:18 p.m.
  • Length: 13:33
Show
View Real Time Build Order
Export as new Build Order

llIllllIllll Protoss - Winner!

Build Orders:  

Get SALT Encoding   

  12  0:00  Probe  
  13  0:12  Probe  
  14  0:23  Pylon  
  14  0:24  Probe  
  15  0:41  Probe (Chrono Boost)  
  15  0:42  Pylon  
  17  0:52  Probe (Chrono Boost)  
  17  1:05  Gateway  
  17  1:07  Gateway  
  17  1:13  Gateway  
  17  1:23  Gateway  
  17  1:35  Forge  
  17  1:51  Pylon  
  17  1:56  Zealot (Chrono Boost)  
  23  2:07  Zealot (Chrono Boost)  
  23  2:09  Photon Cannon  
  23  2:11  Zealot (Chrono Boost)  
  23  2:19  Photon Cannon  
  23  2:24  Zealot  
  23  3:04  Assimilator  
  27  3:07  Assimilator  
  17  3:29  Zealot x2 (Chrono Boost)  
  17  3:33  Photon Cannon  
  25  3:37  Zealot x2 (Chrono Boost)  
  25  3:41  Photon Cannon  
  25  3:43  Photon Cannon  
  25  3:56  Zealot (Chrono Boost), Photon Cannon  
  25  4:00  Probe  
  28  4:04  Zealot  
  30  4:12  Probe  
  30  4:15  Pylon  
  31  4:33  Zealot  
  33  4:45  Photon Cannon  
  33  4:48  Photon Cannon  
  33  5:01  Cybernetics Core  
  33  5:35  Nexus  
  33  5:39  Pylon  
  33  5:43  Assimilator  
  30  6:57  Forge  
  30  6:59  Shield Battery  
  30  7:01  Stargate  
  28  7:05  Stargate  
  28  7:09  Assimilator  
  28  7:14  Pylon  
  28  7:16  Probe (Chrono Boost)  
  29  7:28  Probe (Chrono Boost)  
  29  7:29  Zealot x2  
  33  7:30  Zealot  
  33  7:32  Probe (Chrono Boost)  
  36  7:42  Probe  
  35  7:48  Phoenix x2  
  39  7:54  Probe  
  39  7:55  Photon Cannon  
  32  8:12  Photon Cannon  
  30  8:23  Phoenix  
  30  8:26  Probe  
  31  9:16  Phoenix  
  31  9:17  Phoenix  
  31  9:41  Phoenix  
  31  9:42  Phoenix  
  35  9:50  Zealot x2  
  39  9:59  Pylon  
  39  10:17  Zealot x2  
  41  10:38  Zealot x2 (Chrono Boost)  
  41  10:41  Phoenix  
  47  10:58  Pylon x2  
  47  11:16  Zealot x2  
  39  11:43  Zealot x4  
  45  11:50  Probe  
  45  11:53  Phoenix  
  48  12:10  Zealot  
  50  12:39  Phoenix x2  
Show
View Real Time Build Order
Export as new Build Order

Sweendawg Zerg 

Build Orders: Hatch First 

Get SALT Encoding   

  12  0:01  Drone  
  13  0:08  Drone  
  14  0:17  Overlord  
  14  0:35  Drone x3  
  17  0:46  Drone  
  18  0:59  Hatchery  
  18  1:01  Extractor  
  17  1:10  Spawning Pool  
  16  1:13  Drone  
  16  1:17  Extractor  
  16  1:18  Drone  
  17  1:21  Drone  
  18  1:29  Drone  
  19  1:40  Drone  
  20  1:51  Overlord  
  20  1:56  Queen  
  22  2:11  Queen  
  22  2:12  Zergling x4  
  22  2:13  Zergling x2  
  27  2:16  Metabolic Boost  
  27  2:23  Zergling x4  
  29  2:34  Zergling x2  
  29  2:35  Zergling x2  
  27  2:51  Zergling x4  
  26  3:01  Zergling x4  
  28  3:06  Zergling x4  
  28  3:11  Zergling x4  
  28  3:12  Zergling x2  
  33  3:16  Zergling x2  
  32  3:31  Overlord x2  
  28  3:43  Baneling Nest, Drone x2  
  29  3:48  Overlord  
  29  3:56  Drone  
  29  4:02  Extractor  
  29  4:04  Hatchery  
  28  4:13  Zergling x2  
  29  4:21  Zergling x2  
  30  4:27  Lair  
  30  4:33  Zergling x8  
  35  4:44  Zergling x2  
  36  4:46  Spine Crawler  
  34  5:03  Drone x3  
  37  5:14  Drone  
  37  5:27  Spire, Drone  
  37  5:43  Baneling  
  37  5:44  Baneling x6  
  37  5:48  Spine Crawler, Zergling x6  
  35  6:14  Zergling x8  
  39  6:25  Zergling x6  
  36  6:40  Mutalisk x2  
  36  6:42  Overseer  
  38  6:55  Mutalisk  
  38  6:56  Mutalisk x2  
  44  7:07  Zergling x2  
  42  7:19  Drone  
  43  7:32  Mutalisk x2, Hatchery  
  45  7:37  Hatchery  
  41  7:46  Mutalisk  
  42  8:02  Zergling x8  
  46  8:14  Zergling x2  
  46  8:18  Zerg Flyer Weapons Level 1  
  47  8:21  Mutalisk  
  49  8:33  Zergling x6  
  48  8:57  Drone  
  48  8:58  Hydralisk Den, Drone x5  
  50  9:04  Zergling x2  
  50  9:09  Drone  
  48  9:10  Drone  
  48  9:28  Hydralisk x2  
  49  9:40  Drone x2  
  49  9:41  Drone  
  52  9:51  Muscular Augments  
  52  9:53  Hydralisk  
  54  10:00  Hydralisk  
  52  10:10  Hydralisk x2  
  56  10:16  Overlord  
  47  10:32  Hydralisk x2  
  45  10:39  Spore Crawler  
  45  10:40  Spore Crawler  
  43  10:44  Hydralisk  
  45  10:56  Spore Crawler  
  45  10:57  Drone x2  
  47  11:04  Drone x3  
  43  11:20  Hydralisk x2  
  43  11:24  Hydralisk  
  41  11:30  Hydralisk  
  43  11:37  Hydralisk  
  43  11:38  Zergling x2  
  41  11:45  Spine Crawler  
  40  11:48  Drone x2  
  42  11:54  Queen  
  42  12:03  Drone  
  42  12:06  Hydralisk  
  43  12:09  Corruptor  
  45  12:17  Drone x3  
  45  12:22  Baneling x3  
  48  12:23  Baneling x2  
  48  12:29  Hydralisk  
  49  12:39  Hydralisk x2  
  49  12:40  Zergling x4  
  42  12:54  Hydralisk x2  
Tags
 
Matchup
PvZ
Spawn Locations
Cross Positions
Add a new tag
Caveats
  • Supply blocks, unpowered buildings, or Contaminate may cause inaccurate times.
  • Supply counts are checked every 10 seconds.